AoeStats
← pjanic1520

Arabia

510173366Analyzed
4v4 RM · 2d ago on Sep 29, 2026· 42m 36s· 8 players
Game mode
Random Map
Map size
Large (8 player)
Population
200
Speed
Normal
Resources
Standard
Victory
Conquest
Starting age
Dark Age
Ending age
Imperial Age
RankedLock teamsTeams togetherTeam positionsShared explorationLock speedFull tech treeHidden civsTurbo modeCheats
Victory
Defeat
🇦🇷 Franks · Argentina
912
+13
🇲🇰 Byzantines · North Macedonia
880
+14
🇨🇱 Slavs · Chile
837
+29
🇲🇽 Varangians · Mexico
742
+20
🇫🇷 Mongols · France
884
-18
🇫🇷 Bulgarians · France
875
-17
🇫🇷 Goths · France
800
-14
🇧🇪 Lithuanians · Belgium
785
-14
pjanic1520
10:05 Loom
12:54 Feudal Age
16:12 Bloodlines
25:35 Castle Age
24:47 Forging
24:43 Scale Barding Armor
25:56 Wheelbarrow
25:08 Double-Bit Axe
25:16 Gold Mining
25:49 Horse Collar
27:45 Squires
29:06 Fletching
33:46 Husbandry
36:43 Light Cavalry
KOYOTIN
10:45 Feudal Age
10:12 Loom
12:17 Horse Collar
14:38 Town Watch
15:20 Double-Bit Axe
18:56 Wheelbarrow
21:01 Man-at-Arms
24:34 Castle Age
25:33 Hand Cart
25:58 Bow Saw
27:24 Crossbowman
30:56 Long Swordsman
31:37 Squires
31:55 Gold Mining
31:56 Stone Mining
34:38 Elite Skirmisher
35:14 Town Watch
37:00 Heavy Plow
36:32 Pikeman
38:23 Scale Mail Armor
38:24 Padded Archer Armor
38:15 Fletching
38:36 Forging
39:13 Gold Shaft Mining
42:58 Imperial Age
41:41 Fortified Wall
arch
4:10 Loom
11:33 Feudal Age
13:01 Double-Bit Axe
12:59 Horse Collar
18:50 Gold Mining
21:25 Castle Age
20:03 Wheelbarrow
23:11 Bow Saw
23:20 Heavy Plow
27:09 Stone Mining
27:30 Husbandry
30:08 Fletching
30:25 Scale Barding Armor
30:32 Pikeman
32:19 Squires
32:09 Gambesons
32:32 Scale Mail Armor
32:43 Forging
33:24 Stone Shaft Mining
33:27 Gold Shaft Mining
39:17 Imperial Age
37:05 Hand Cart
38:56 Bodkin Arrow
39:22 Chain Barding Armor
39:38 Iron Casting
39:19 Chain Mail Armor
42:01 Logistica
El Lobizon Chinchu
0:58 Loom
12:17 Feudal Age
14:53 Double-Bit Axe
20:05 Castle Age
18:37 Gold Mining
21:11 Forging
21:07 Scale Barding Armor
22:41 Husbandry
26:06 Iron Casting
26:43 Stone Mining
32:02 Fletching
45:35 Imperial Age
Content
8:49 Feudal Age
7:05 Loom
19:51 Castle Age
18:01 Double-Bit Axe
19:13 Horse Collar
19:33 Fletching
19:59 Forging
21:49 Wheelbarrow
21:23 Bodkin Arrow
26:00 Ballistics
26:11 Scale Barding Armor
26:39 Town Watch
27:23 Pikeman
32:20 Iron Casting
34:28 Padded Archer Armor
Ysos Beats
11:57 Feudal Age
16:48 Castle Age
16:49 Double-Bit Axe
17:46 Horse Collar
19:38 Bow Saw
19:53 Heavy Plow
25:12 Forging
25:03 Scale Mail Armor
25:41 Loom
30:35 Wheelbarrow
30:43 Anarchy
31:22 Squires
32:04 Iron Casting
31:45 Chain Mail Armor
32:10 Gold Mining
32:11 Stone Mining
41:48 Hand Cart
luidgi.demaynard
10:01 Feudal Age
9:57 Loom
20:41 Castle Age
19:52 Double-Bit Axe
19:49 Horse Collar
23:55 Heavy Plow
24:44 Bow Saw
35:41 Imperial Age
FEW
11:40 Feudal Age
17:04 Castle Age
15:02 Double-Bit Axe
16:41 Horse Collar
17:16 Loom
23:31 Heavy Plow
25:22 Bow Saw
25:04 Pikeman
26:59 Wheelbarrow
30:58 Hand Cart
33:41 Imperial Age
31:16 Squires
32:44 Fletching
33:05 Forging
33:01 Scale Barding Armor
32:57 Scale Mail Armor
32:58 Padded Archer Armor
34:35 Bloodlines
34:26 Husbandry
35:27 Conscription
34:53 Halberdier
36:05 Bodkin Arrow
36:12 Padded Archer Armor
37:52 Tower Shields
40:44 Elite Leitis
42:00 Hoardings
41:27 Hill Forts
41:52 Chain Barding Armor
41:34 Bracer
43:09 Iron Casting
43:10 Plate Barding Armor
42:51 Leather Archer Armor
Connection lost

Rejoining the realm…

Still unreachable

The connection could not be restored.

Session expired

The server has moved on; the page needs a fresh start.